AoeStats
← Dragon

Arena

509297662Analyzed
3v3 RM · 5d ago on Sep 26, 2026· 45m 50s· 6 players
Game mode
Random Map
Map size
Normal (6 player)
Population
200
Speed
Normal
Resources
Standard
Victory
Conquest
Starting age
Dark Age
Ending age
Imperial Age
RankedLock teamsTeams togetherTeam positionsShared explorationLock speedFull tech treeHidden civsTurbo modeCheats
Victory
Defeat
🇲🇽 Poles · Mexico
1591
+5
🇦🇷 Saxons · Argentina
1347
+13
🇦🇷 Varangians · Argentina
1011
+24
🇩🇪 Varangians · Germany
1318
-16
🇲🇽 Turks · Mexico
1268
-14
🇨🇳 Saracens · China
1219
-12
Oveja de Batalla
11:03 Feudal Age
12:51 Loom
12:52 Town Watch
13:34 Man-at-Arms
20:25 Double-Bit Axe
20:22 Horse Collar
23:40 Padded Archer Armor
23:32 Fletching
30:46 Castle Age
31:29 Wheelbarrow
39:46 Heavy Plow
44:34 Imperial Age
42:18 Bow Saw
42:36 Husbandry
42:52 Gold Mining
43:42 Bloodlines
44:14 Scale Barding Armor
44:20 Forging
44:50 Gold Shaft Mining
44:56 Leather Archer Armor
44:37 Bodkin Arrow
44:41 Heavy Camel Rider
47:13 Two-Man Saw
Dragon
7:39 Loom
10:43 Feudal Age
14:51 Castle Age
14:24 Double-Bit Axe
14:20 Horse Collar
20:47 Scale Barding Armor
23:29 Heavy Plow
29:42 Light Cavalry
30:34 Bloodlines
30:24 Husbandry
32:49 Forging
34:09 Wheelbarrow
33:46 Bow Saw
34:09 Fletching
34:40 Chain Barding Armor
38:56 Imperial Age
38:20 Iron Casting
39:19 Elite Jarl
40:23 Conscription
42:02 Light Cavalry
42:05 Cavalier
43:35 Plate Barding Armor
wuyu
11:53 Feudal Age
11:56 Loom
16:09 Castle Age
26:23 Bimaristan
27:10 Double-Bit Axe
27:07 Horse Collar
29:22 Wheelbarrow
31:30 Heavy Plow
31:44 Bow Saw
36:20 Imperial Age
33:58 Town Watch
34:57 Scale Barding Armor
35:03 Forging
35:43 Bloodlines
35:33 Husbandry
36:26 Chain Barding Armor
37:03 Iron Casting
37:26 Gold Mining
37:34 Light Cavalry
41:03 Blast Furnace
40:39 Plate Barding Armor
DGHIR | Qeetsa
6:10 Loom
8:57 Feudal Age
13:34 Double-Bit Axe
14:43 Fletching
14:48 Horse Collar
16:59 Wheelbarrow
23:02 Castle Age
24:25 Heavy Plow
24:56 Town Watch
27:37 Hand Cart
33:49 Imperial Age
31:31 Bodkin Arrow
31:36 Padded Archer Armor
33:06 Ballistics
32:40 Elite Skirmisher
33:51 Leather Archer Armor
34:40 Bracer
35:40 Chemistry
36:15 Crop Rotation
35:55 Bow Saw
36:42 Scale Barding Armor
37:10 Szlachta Privileges
37:26 Conscription
37:14 Cavalier
37:55 Husbandry
38:05 Bloodlines
39:04 Chain Barding Armor
38:56 Forging
42:16 Iron Casting
42:07 Masonry
42:48 Lechitic Legacy
41:52 Light Cavalry
43:05 Coinage
43:00 Winged Hussar
45:38 Banking
46:49 Blast Furnace
46:31 Siege Engineers
DGHIR | Miloss
6:13 Loom
8:22 Feudal Age
9:02 Double-Bit Axe
10:53 Town Watch
17:13 Wheelbarrow
22:48 Castle Age
21:33 Scale Mail Armor
21:24 Fletching
23:34 Bodkin Arrow
23:56 Bow Saw
24:46 Guard Tower
26:57 Hand Cart
35:26 Gold Mining
35:26 Stone Mining
36:38 Ballistics
36:17 Murder Holes
37:36 Padded Archer Armor
37:53 Crossbowman
38:38 Thumb Ring
45:09 Imperial Age
45:16 Arbalester
45:57 Bracer
45:37 Capped Ram
EIM | Gandalf el bostero
7:03 Loom
7:10 Loom
11:18 Feudal Age
11:49 Double-Bit Axe
13:54 Horse Collar
19:00 Castle Age
17:23 Gold Mining
17:23 Stone Mining
17:31 Stone Mining
18:45 Bloodlines
21:53 Bow Saw
22:08 Forging
23:26 Heavy Plow
25:48 Iron Casting
26:15 Scale Mail Armor
37:49 Imperial Age
35:27 Husbandry
35:36 Scale Barding Armor
38:02 Fletching
39:54 Gothikon
41:46 Crop Rotation
40:48 Cavalier
43:17 Chemistry
42:24 Siege Engineers
43:49 Blast Furnace
43:58 Ballistics
43:49 Masonry
43:41 Murder Holes
Connection lost

Rejoining the realm…

Still unreachable

The connection could not be restored.

Session expired

The server has moved on; the page needs a fresh start.